 Dungeon Crawl Stone Soup version 0.31-a0-1127-ge7b2bbabab (webtiles) character file.

Game seed: 16901655975314662479

221651 TabOTabO the Hoplite (level 19, 0/116 HPs)
             Began as a Gargoyle Fighter on Dec 5, 2023.
             Was the Champion of Okawaru.
             Killed from afar by a deep elf annihilator (64 damage)
             ... with a crystal spear
             ... on level 3 of the Elven Halls on Dec 6, 2023.
             The game lasted 02:06:52 (40556 turns).

TabOTabO the Hoplite (Gargoyle Fighter)            Turns: 40556, Time: 02:06:53

Health: 0/116      AC: 61    Str: 25    XL:     19   Next: 21%
Magic:  25/25      EV: 11    Int: 15    God:    Okawaru [******]
Gold:   3076       SH: 23    Dex: 15    Spells: 18/18 levels left

rFire   + . .        g - +4 flail "Newtslayer" {heavy, rN+ Will++ Int+2 SInv}
rCold   + + .        X - +0 kite shield
rNeg    + + .        h - +8 orange crystal plate armour {Archmagi, Int+3 Clar}
rPois   ∞            A - +2 hat {Will+}
rElec   +            U - scarf {rC+ rF+}
rCorr   +            O - +2 pair of gloves {hurl}
SInv    +            B - +2 pair of boots
Will    +++++        y - amulet of reflection Stlth
                     F - ring of Xustas {rC+ Dex+4 Slay+4}
HPRegen 0.39/turn    e - ring of Osem Foa {rElec Will+ rCorr}
MPRegen 0.19/turn

%: reflection, clarity, archmagi
@: heroic, flying
A: sickness immunity, AC +14, big wings, negative energy resistance 1,
electricity resistance, torment resistance 1, petrification resistance
}: 1/15 runes: decaying
a: Renounce Religion, Heroism, Finesse, Duel


You were on level 3 of the Elven Halls.
You worshipped Okawaru.
Okawaru was exalted by your worship.
You visited 6 branches of the dungeon, and saw 30 of its levels.
You also visited: Sewer and Volcano.

You collected 5405 gold pieces.
You spent 2329 gold pieces at shops.

Inventory:

Hand Weapons
 g - the +4 flail "Newtslayer" (weapon) {heavy, rN+ Will++ Int+2 SInv}
   (Okawaru gifted it to you on level 15 of the Dungeon)

   Int+2:     It affects your intelligence (+2).
   rN+:       It protects you from negative energy.
   Will++:    It greatly increases your willpower.
   SInv:      It lets you see invisible.
 v - a +5 whip of electrocution
Missiles
 z - 3 throwing nets
 K - 24 silver javelins (quivered)
Armour
 h - the +8 orange crystal plate armour (worn) {Archmagi, Int+3 Clar}
   (Okawaru gifted it to you on level 15 of the Dungeon)

   Int+3:     It affects your intelligence (+3).
   Clar:      It protects you from confusion, rage, mesmerisation and fear.
 w - the +0 robe of Nyps {-Tele rElec rPois Str+6}
   (You took it off a skeletal warrior on level 14 of the Dungeon)

   Str+6:     It affects your strength (+6).
   rElec:     It insulates you from electricity.
   rPois:     It protects you from poison -Tele: It prevents most forms of
   teleportation.
 A - a +2 hat of willpower (worn)
 B - a +2 pair of boots (worn)
 G - the +1 helmet of Syndicalism {Dex+2 SInv Stlth-}
   (You bought it in a shop on level 2 of the Orcish Mines)

   Dex+2:     It affects your dexterity (+2).
   SInv:      It lets you see invisible.
   Stlth-:    It makes you less stealthy.
 O - a +2 pair of gloves of hurling (worn)
 U - a scarf of resistance (worn)
 X - a +0 kite shield (worn)
Jewellery
 b - a ring of fire
 e - the ring of Osem Foa (right hand) {rElec Will+ rCorr}
   (You found it on level 1 of the Elven Halls)

   [ring of resist corrosion]

   rElec:     It insulates you from electricity.
   Will+:     It increases your willpower.
   rCorr:     It protects you from acid and corrosion.
 f - a ring of ice
 k - a ring of positive energy
 t - a +5 ring of evasion
 y - an amulet of reflection (around neck)
 F - the ring of Xustas (left hand) {rC+ Dex+4 Slay+4}
   (You bought it in a shop on level 2 of the Orcish Mines)

   [ring of slaying]

   Dex+4:     It affects your dexterity (+4).
   Slay+4:    It affects your accuracy & damage with ranged weapons and melee
   (+4).
   rC+:       It protects you from cold.
 S - a ring of protection from cold
 V - an amulet of faith
Wands
 c - a wand of digging (16)
 l - a wand of mindburst (11)
 q - a wand of polymorph (16)
 s - a wand of iceblast (20)
 E - a wand of flame (72)
Scrolls
 a - 6 scrolls of teleportation
 i - 6 scrolls of poison
 x - 2 scrolls of fog
 D - 17 scrolls of identify
 I - 2 scrolls of enchant weapon
 J - 4 scrolls of torment
 M - a scroll of brand weapon
 Q - 2 scrolls of enchant armour
 T - 3 scrolls of blinking
 Y - a scroll of revelation
Potions
 d - 7 potions of might
 j - 7 potions of enlightenment
 m - 4 potions of attraction
 n - 3 potions of curing
 o - a potion of berserk rage
 p - 8 potions of mutation
 u - 7 potions of lignification
 C - 3 potions of haste
 H - 2 potions of cancellation
 L - 2 potions of ambrosia
 N - 2 potions of heal wounds
 R - 3 potions of invisibility


   Skills:
 - Level 12.0(17.0) Fighting
 + Level 18.8(23.8) Maces & Flails
 - Level 1.1(6.1) Throwing
 - Level 19.0(24.0) Armour
 - Level 6.3(11.3) Dodging
 - Level 21.0(26.0) Shields
 - Level 8.0 Invocations
 - Level 5.2 Evocations


You had 18 spell levels left.
You didn't know any spells.
Your spell library contained the following spells:

 Spells                   Type           Power      Damage    Failure   Level
 Apportation              Tloc           0%         N/A       95%         1
 Kiss of Death            Conj/Necr      0%         2d5       95%         1
 Necrotise                Necr           0%         1d4       95%         1
 Shock                    Conj/Air       0%         1d3       95%         1
 Blink                    Tloc           0%         N/A       99%         2
 Lesser Beckoning         Tloc           0%         N/A       99%         2
 Momentum Strike          Conj/Tloc      0%         3d8       99%         2
 Poisonous Vapours        Pois/Air       0%         N/A       99%         2
 Static Discharge         Conj/Air       0%         3-3/arc   99%         2
 Confusing Touch          Hex            0%         N/A       100%        3
 Frozen Ramparts          Ice            0%         1d1       100%        3
 Ignite Poison            Fire/Tmut/Pois 0%         N/A       100%        3
 Mephitic Cloud           Conj/Pois/Air  0%         N/A       100%        3
 Swiftness                Air            0%         N/A       100%        3
 Airstrike                Air            0%         2d(0-16)  100%        4
 Dimensional Bullseye     Hex/Tloc       0%         N/A       100%        4
 Dispel Undead            Necr           0%         3d6       100%        4
 Iskenderun's Mystic Bla  Conj/Tloc      0%         2d3       100%        4
 Leda's Liquefaction      Hex/Erth       0%         N/A       100%        4
 Manifold Assault         Tloc           0%         N/A       100%        4
 Olgreb's Toxic Radiance  Pois           0%         N/A       100%        4
 Vhi's Electric Charge    Tloc/Air       0%         N/A       100%        4
 Alistair's Intoxication  Tmut/Pois      0%         N/A       100%        5
 Arcjolt                  Conj/Air       0%         1d10      100%        5
 Borgnjor's Vile Clutch   Necr/Erth      0%         N/A       100%        5
 Freezing Cloud           Conj/Ice/Air   0%         6-21      100%        5
 Lee's Rapid Deconstruct  Erth           0%         3d4*      100%        5
 Bombard                  Conj/Erth      0%         9d1       100%        6
 Eringya's Noxious Bog    Tmut/Pois      0%         4d6       100%        6
 Maxwell's Capacitive Co  Air            0%         ∞         100%        8
 Summon Small Mammal      Summ           Unusable   N/A       N/A         1
 Cigotuvi's Dreadful Rot  Necr/Pois/Air  Unusable   N/A       N/A         2
 Tukima's Dance           Hex            Unusable   N/A       N/A         3
 Animate Armour           Summ/Erth      Unusable   N/A       N/A         4
 Animate Dead             Necr           Unusable   N/A       N/A         4
 Summon Lightning Spire   Summ/Air       Unusable   N/A       N/A         4
 Death Channel            Necr           Unusable   N/A       N/A         6
 Simulacrum               Ice/Necr       Unusable   N/A       N/A         6

Dungeon Overview and Level Annotations

Branches:
Dungeon (15/15) Temple (1/1) D:4 Lair (5/5) D:8 Swamp (4/4) Lair:2 Snake (0/4) Lair:2 Slime (0/5) Lair:5 Orc (2/2) D:10 Elf (3/3) Orc:2 Vaults (0/5) D:13 D:14 Depths (0/4) D:15 Sewer (visited) Volcano (visited)

Altars:
Ashenzari
Cheibriados
Dithmenos
Elyvilon
Fedhas
Gozag
Hepliaklqana
Kikubaaqudgha
Makhleb
Nemelex Xobeh
Okawaru
Qazlal
Ru
Sif Muna
Trog
Uskayaw
Vehumet
Wu Jian
Xom
Yredelemnul
Zin
The Shining One
Jiyva
Lugonu

Shops:
D:7 *   D:9 :   D:10 [   Orc:1 *   Orc:2 [*(:[!=?

Portals:
Abyss: Lair:5

Annotations:
D:13 Hydras and shit mang
D:14 Horse guy
Lair:5 abyss


Innate Abilities, Weirdness & Mutations

You are immune to sickness and miasma.
Your stone body is resilient. (AC +14)
You are immune to poison.
Your large and strong wings let you fly.
You resist negative energy. (rN+)
You are resistant to electric shocks. (rElec)
You are resistant to unholy torment.
You are immune to petrification.


Message History

The deep elf annihilator partially resists.
The deep elf annihilator is poisoned.
A deep elf annihilator comes into view. It is wielding a +0 long sword.
The deep elf elementalist hits you with a +0 long sword.
You hear a shout!
You miss the deep elf elementalist.
The deep elf elementalist is heavily wounded.
You block the deep elf elementalist's attack.
Unknown command.
You bludgeon the deep elf elementalist!!
The deep elf elementalist is almost dead.
The deep elf elementalist casts a spell next to you.
The wall shatters!
The blast of rock fragments hits you but does no damage.
The deep elf annihilator mumbles some strange words.
The deep elf annihilator blinks!
The deep elf elementalist casts a spell next to you.
The wall shatters!
The blast of rock fragments hits you but does no damage.
You hear a shout!
You sock the deep elf elementalist!
You kill the deep elf elementalist!
Okawaru accepts your kill.
The deep elf annihilator points at you and mumbles some strange words.
You block the iron shot... and reflect it back!
The iron shot hits the deep elf annihilator!!
Unknown command.
The deep elf annihilator hits you but does no damage.
You sock the deep elf annihilator!
You kill the deep elf annihilator!
Okawaru accepts your kill.
The deep elf annihilator points at you and mumbles some strange words.
The poison arrow hits you. You partially resist.
Items here: " $ ) [.
The deep elf annihilator casts a spell.
The deep elf annihilator blinks!
The deep elf annihilator casts a spell at you.
The crystal spear hits you!!!
Ouch! That really hurt!
You die...

#.......... ......#...#
#.......... .e....#...#
#.......... ......'...#
#.......... #)..#
#.......... #...#
#.......... #...#
#.......... #.).#
###'#################...#
)..[............@..)....#
........................#
................(e......#
........................#
######...##'#########...#
#....#...#..........#...#
#....#<..#.....^....#...#
#....#...#..........#...#
#....#...#...####)..'...#


You could see a deep elf annihilator.

Vanquished Creatures
  the Lernaean hydra (Swamp:4)
  Jorgrun (D:12)
  Rupert (D:14)
  3 deep elf blademasters
  Gastronok (D:8)
  A fenstrider witch (Swamp:3)
  The ghost of Turtleman12345 the Grappler, a journeyman TrSh of Wu Jian (D:13)
  3 deep elf elementalists
  3 deep elf sorcerers
  An orc warlord (Orc:1)
  4 deep elf demonologists (Elf:3)
  Nessos (D:14)
  8 deep elf annihilators
  7 bunyips
  Snorg (Orc:2)
  A deep elf high priest (Elf:3)
  Fannar (D:11)
  24 hydras
  A fire dragon (D:15)
  2 shambling mangroves
  Erolcha (Orc:2)
  An ice dragon (D:15)
  4 ghost crabs
  3 centaur warriors
  4 catoblepae
  5 two-headed ogres
  An ogre mage (D:15)
  3 boulder beetles
  8 death yaks
  12 alligators
  2 death knights
  23 dancing weapons
  The ghost of Qudeg the Marksspriggan, a journeyman SpHu of Okawaru (D:11)
  3 thrashing horrors (Lair:5)
  2 orc high priests
  25 deep elf knights
  A hell knight (Volcano)
  Urug (D:13)
  A fire crab (shapeshifter) (D:10)
  Lodul (D:13)
  3 skysharks (Lair:4)
  4 skeletal warriors
  2 death drakes (Swamp:2)
  A fire crab (D:13)
  3 spriggan druids
  3 goliath frogs
  20 deep elf archers
  14 swamp dragons
  2 large abominations (Lair:5)
  11 bog bodies
  3 orc knights
  A swamp dragon (shapeshifter) (Elf:2)
  An arcanist (D:13)
  23 deep elf pyromancers
  26 deep elf zephyrmancers
  3 cyclopes
  4 manticores
  An oklob plant (Lair:2)
  6 orc sorcerers
  24 elephants
  7 ugly things
  2 will-o-the-wisps (Swamp:1)
  2 moths of wrath (D:13)
  3 black mambas
  2 kobold blastminers
  A torpor snail (Lair:4)
  Jeremiah (D:7)
  9 cane toads
  9 komodo dragons
  2 unseen horrors (D:12)
  Psyche (D:10)
  2 rime drakes (Lair:2)
  3 smoke demons
  2 gargoyles
  2 kobold demonologists
  A yaktaur (D:14)
  4 meliai
  A red devil (Volcano)
  2 polar bears
  A queen bee (D:11)
  3 trolls
  A meliai (shapeshifter) (D:13)
  6 tyrant leeches
  A troll (shapeshifter) (Elf:1)
  10 hornets
  Grinder (D:4)
  A polar bear (shapeshifter) (D:14)
  21 blink frogs
  2 raiju (Lair:5)
  14 dream sheep
  A slime creature (D:8)
  2 air elementals
  2 water elementals
  11 spriggans
  A spriggan (shapeshifter) (Elf:3)
  2 ynoxinuls (Lair:5)
  4 wyverns
  3 fire elementals (Elf:1)
  A yak (shapeshifter) (D:15)
  Grum (D:8)
  A wraith (D:14)
  3 shadows (D:10)
  16 humans
  47 yaks
  A steam dragon (shapeshifter) (Lair:5)
  10 vampire mosquitoes
  3 basilisks
  17 swamp worms
  3 wargs (Orc:2)
  3 nagas (Lair:2)
  An acid dragon (D:10)
  An acid dragon (shapeshifter) (Lair:5)
  15 water moccasins
  3 hell hounds (Volcano)
  8 swamp drakes
  5 black bears
  A sky beast (D:7)
  A sky beast (shapeshifter) (D:13)
  2 ice beasts (D:5)
  7 small abominations (Lair:5)
  28 orc warriors
  12 ogres
  21 wolves
  A boggart (shapeshifter) (D:13)
  12 centaurs
  A phantom (D:7)
  6 kobold brigands
  15 bullfrogs
  A gnoll sergeant (D:9)
  A scorpion (D:8)
  5 earth elementals
  3 wights
  26 killer bees
  11 electric eels
  7 crimson imps (D:11)
  3 jellies
  2 gnoll boudas
  19 orc priests
  8 hounds
  23 orc wizards
  3 iguanas
  12 hell rats
  15 gnolls
  7 adders
  2 shadow imps
  2 white imps
  An ufetubus (D:5)
  A worm (D:4)
  2 dart slugs
  86 orcs
  A ball python (D:4)
  2 bats
  4 endoplasms
  4 giant cockroaches
  3 goblins
  7 hobgoblins
  5 jackals
  24 kobolds
  6 quokkas
  4 frilled lizards
  7 rats
  A butterfly (Swamp:4)
1020 creatures vanquished.

Vanquished Creatures (others)
  2 goliath frogs
  A deep elf knight (Elf:2)
  3 deep elf zephyrmancers
  A deep elf pyromancer (Elf:1)
  2 bloated husks
  A spriggan (Swamp:1)
  2 swamp drakes (Swamp:4)
  8 foxfires (Swamp:1)
20 creatures vanquished.

Grand Total: 1040 creatures vanquished

Notes
Turn   | Place    | Note
-------+----------+-------------------------------------------
     0 | D:1      | TabOTabO the Gargoyle Fighter began the quest for the Orb.
     0 | D:1      | Reached XP level 1. HP: 14/14 MP: 1/1
   437 | D:1      | Reached XP level 2. HP: 19/19 MP: 2/2
   891 | D:2      | Found an ancient bone altar of Kikubaaqudgha.
   921 | D:2      | Reached XP level 3. HP: 16/23 MP: 3/3
  1557 | D:3      | Reached XP level 4. HP: 28/28 MP: 4/4
  1613 | D:3      | Found a glowing drain.
  1659 | Sewer    | Entered a sewer
  1726 | Sewer    | Noticed a kobold brigand
  1739 | Sewer    | Killed a kobold brigand
  1740 | Sewer    | Reached skill level 5 in Maces & Flails
  1740 | Sewer    | Reached XP level 5. HP: 25/32 MP: 5/5
  1748 | Sewer    | Noticed a kobold brigand
  1764 | Sewer    | Killed a kobold brigand
  1765 | Sewer    | Reached XP level 6. HP: 37/37 MP: 6/6
  1888 | Sewer    | Found a glowing silver altar of Zin.
  2177 | D:3      | Found a shimmering altar of Xom.
  2178 | D:3      | Found a bloodstained altar of Trog.
  2289 | D:3      | Found a hazy altar of Hepliaklqana.
  2600 | D:4      | Noticed Grinder
  2616 | D:4      | Killed Grinder
  2617 | D:4      | Reached XP level 7. HP: 39/41 MP: 7/7
  2727 | D:4      | Found a staircase to the Ecumenical Temple.
  2733 | Temple   | Entered the Ecumenical Temple
  2742 | Temple   | Became a worshipper of Warmaster Okawaru
  3023 | D:5      | Entered Level 5 of the Dungeon
  3478 | D:5      | Reached * piety under Okawaru
  3479 | D:5      | Reached XP level 8. HP: 27/46 MP: 8/8
  3686 | D:5      | Reached skill level 10 in Maces & Flails
  3726 | D:5      | Reached ** piety under Okawaru
  4205 | D:5      | Identified the +1 scimitar "Hocuevoc" {flame, +Blink Fly
                  | rF-}
  4268 | D:5      | Found a glowing silver altar of Zin.
  4473 | D:6      | Reached XP level 9. HP: 47/51 MP: 9/9
  4762 | D:6      | You fall into a shaft and drop 2 floors!
  4908 | D:8      | Reached *** piety under Okawaru
  4921 | D:8      | HP: 1/51 [water moccasin (3)]
  5004 | D:8      | Noticed Grum
  5017 | D:8      | HP: 2/51 [wolf[Grum] (8)]
  5050 | D:8      | Killed Grum
  5240 | D:8      | Reached XP level 10. HP: 42/56 MP: 7/10
  5294 | D:8      | Found a staircase to the Lair.
  5322 | D:7      | Reached skill level 5 in Armour
  5735 | D:7      | Found Omourr's Assorted Antiques.
  5751 | D:7      | Identified a scroll of acquirement
  5752 | D:7      | Acquired 1009 gold pieces
  6039 | D:7      | Noticed Jeremiah
  6294 | D:7      | Found a sparkling altar of Nemelex Xobeh.
  6342 | D:7      | Killed Jeremiah
  6342 | D:7      | Reached **** piety under Okawaru
  6400 | D:7      | Found a stormy altar of Qazlal.
  6825 | D:8      | Noticed Gastronok
  6843 | D:8      | HP: 1/56 [Gastronok (20)]
  6846 | D:8      | Killed Gastronok
  7082 | D:8      | Reached skill level 10 in Armour
  7112 | D:8      | Found a basalt altar of Yredelemnul.
  7118 | D:8      | Found a burning altar of Makhleb.
  7123 | D:8      | Found a shadowy altar of Dithmenos.
  7152 | D:8      | Found a snail-covered altar of Cheibriados.
  7224 | D:9      | Found Jofofar's Book Shop.
  7257 | D:9      | Noticed a kobold demonologist
  7278 | D:9      | Noticed an orange demon
  7279 | D:9      | Killed a kobold demonologist
  7280 | D:9      | Reached skill level 4 in Shields
  7393 | D:9      | Reached skill level 5 in Shields
  7393 | D:9      | Reached XP level 11. HP: 48/60 MP: 11/11
  7439 | D:9      | Noticed a two-headed ogre
  7464 | D:9      | Killed a two-headed ogre
  7464 | D:9      | Reached ***** piety under Okawaru
  7465 | D:9      | Reached skill level 6 in Shields
  7555 | D:9      | Reached skill level 7 in Shields
  7834 | D:9      | Identified the +3 ring mail of the Forest {Str+5}
  8092 | D:10     | Entered Level 10 of the Dungeon
  8179 | D:10     | Received a gift from Okawaru
  8296 | D:9      | Reached skill level 5 in Fighting
  8688 | D:10     | Found a staircase to the Orcish Mines.
  8702 | Orc:1    | Entered Level 1 of the Orcish Mines
  9179 | Orc:1    | Found Toyppoitiw's General Store.
  9184 | Orc:1    | Bought a potion of haste for 110 gold pieces
  9263 | Orc:2    | Entered Level 2 of the Orcish Mines
  9263 | Orc:2    | Found Toeman's Distillery.
  9347 | Orc:2    | Bought a potion of heal wounds for 70 gold pieces
  9347 | Orc:2    | Bought a potion of heal wounds for 70 gold pieces
  9439 | Orc:2    | Noticed an orc knight
  9470 | Orc:2    | Killed an orc knight
  9670 | Orc:2    | Found Idwiukil's Jewellery Shop.
  9684 | Orc:2    | Bought the ring of Xustas {rC+ Dex+4 Slay+4} for 1202 gold
                  | pieces
  9741 | Orc:2    | Found Neum's Magic Scroll Emporium.
  9756 | Orc:2    | Found a staircase to the Elven Halls.
  9804 | Orc:2    | Bought a scroll of enchant weapon for 112 gold pieces
  9911 | Orc:2    | Noticed an orc knight
  9935 | Orc:2    | Killed an orc knight
  9975 | Orc:2    | Noticed Snorg
  9994 | Orc:1    | Noticed an orc sorcerer
 10250 | Orc:2    | Noticed an orc sorcerer
 10276 | Orc:2    | Noticed a soul eater
 10279 | Orc:2    | Noticed a sun demon
 10289 | Orc:1    | Killed an orc sorcerer
 10290 | Orc:1    | Reached skill level 8 in Shields
 10365 | Orc:2    | Killed an orc sorcerer
 10366 | Orc:2    | Reached XP level 12. HP: 76/76 MP: 12/12
 10532 | Orc:2    | Reached skill level 9 in Shields
 10711 | Orc:1    | Received a gift from Okawaru
 10712 | Orc:1    | Noticed an orc high priest
 10721 | Orc:1    | Killed an orc high priest
 11145 | Orc:2    | Found Dorad's Antique Armour Shoppe.
 11153 | Orc:2    | Bought a jewelled helmet for 332 gold pieces
 11153 | Orc:2    | Identified the +1 helmet of Syndicalism {Dex+2 SInv Stlth-}
                  | (You bought it in a shop on level 2 of the Orcish Mines)
 11183 | Orc:2    | Reached skill level 10 in Shields
 11279 | Orc:2    | Noticed an orc high priest
 11707 | Orc:2    | Noticed an orc warlord
 11885 | Orc:2    | Noticed Erolcha
 12073 | Orc:1    | Killed an orc warlord
 12221 | Orc:2    | Killed Erolcha
 12321 | Orc:1    | Received a gift from Okawaru
 12469 | Orc:2    | Noticed a sun demon
 12474 | Orc:2    | Killed an orc high priest
 12520 | Orc:2    | Found Waxila's Antique Armour Shoppe.
 12535 | Orc:2    | Found Wufuyfowa's Book Shoppe.
 12551 | Orc:2    | Found Muirorph's General Store.
 12567 | Orc:2    | Found Qovvuq's Antique Weapon Shoppe.
 12595 | Orc:2    | Killed Snorg
 12961 | D:10     | Found Anukkom's Antique Armour Emporium.
 12967 | D:10     | Noticed Psyche
 12982 | D:10     | Killed Psyche
 12986 | D:10     | Bought a glowing scarf for 280 gold pieces
 13206 | D:10     | Received a gift from Okawaru
 13523 | D:10     | Reached XP level 13. HP: 59/80 MP: 13/13
 13699 | D:11     | Noticed Fannar
 13736 | D:11     | Killed Fannar
 13924 | D:11     | Noticed Qudeg's ghost (journeyman SpHu)
 13927 | D:11     | Found a transporter.
 13932 | D:11     | Found a transporter.
 13971 | D:11     | Received a gift from Okawaru
 13991 | D:11     | Killed Qudeg's ghost
 14271 | D:11     | Reached skill level 11 in Shields
 14755 | D:12     | Reached skill level 1 in Throwing
 14803 | D:12     | Received a gift from Okawaru
 14804 | D:12     | Reached skill level 12 in Shields
 16332 | D:13     | Noticed Turtleman12345's ghost (journeyman TrSh)
 16391 | D:13     | Noticed Jorgrun
 16424 | D:12     | Killed Jorgrun
 16861 | D:13     | Found a transporter.
 16897 | D:13     | Found a transporter.
 17063 | D:13     | Received a gift from Okawaru
 17073 | D:14     | Noticed Nessos
 17079 | D:14     | Noticed Urug
 17162 | D:14     | Found a gate to the Vaults.
 17165 | D:14     | Noticed Lodul
 17183 | D:13     | Reached skill level 15 in Maces & Flails
 17265 | D:13     | Gained mutation: Your large and strong wings let you fly.
                  | [Gargoyle growth]
 17265 | D:13     | Reached XP level 14. HP: 75/86 MP: 14/14
 17346 | D:13     | Killed Lodul
 17389 | D:13     | Killed Urug
 17448 | D:14     | Killed Nessos
 18125 | D:13     | Received a gift from Okawaru
 18639 | D:14     | Identified the +0 robe of Nyps {-Tele rElec rPois Str+6}
 18954 | D:14     | Reached skill level 15 in Armour
 19062 | D:14     | Noticed Rupert
 19098 | D:14     | Killed Rupert
 19363 | D:14     | Identified the +0 scale mail "Delesen" {Rampage +Inv rF-
                  | Slay+2}
 19408 | D:14     | HP: 4/86 [meliai/+0 hand axe (3)]
 19425 | D:13     | HP: 6/129 [meliai/divine providence (11)]
 19974 | D:15     | Entered Level 15 of the Dungeon
 20170 | D:15     | Received a gift from Okawaru
 20179 | D:15     | Reached ****** piety under Okawaru
 20207 | D:15     | Acquired the +4 flail "Newtslayer" {heavy, rN+ Will++ Int+2
                  | SInv}
 20207 | D:15     | Received a gift from Okawaru
 20212 | D:15     | Acquired the +8 orange crystal plate armour {Archmagi,
                  | Int+3 Clar}
 20212 | D:15     | Received a gift from Okawaru
 20212 | D:15     | Found the +8 orange crystal plate armour {Archmagi, Int+3
                  | Clar}
 20883 | D:15     | Found a bloodstained altar of Trog.
 20902 | D:15     | Reached skill level 13 in Shields
 21461 | D:15     | Found a staircase to the Depths.
 21659 | Lair:1   | Entered Level 1 of the Lair of Beasts
 21823 | Lair:1   | Received a gift from Okawaru
 22054 | Lair:1   | Reached skill level 10 in Fighting
 22146 | Lair:1   | You are sucked into a shaft and drop 1 floor!
 22149 | Lair:2   | Found a staircase to the Snake Pit.
 22175 | Lair:2   | Reached XP level 15. HP: 58/93 MP: 13/15
 22487 | Lair:1   | Found a dark tunnel.
 22499 | Volcano  | Entered a volcano
 22860 | Lair:1   | Received a gift from Okawaru
 23518 | Lair:2   | Found a staircase to the Swamp.
 23648 | Lair:2   | Identified the +2 chain mail of Jarucoso {Int+3}
 25632 | Lair:4   | Received a gift from Okawaru
 26563 | Lair:5   | Entered Level 5 of the Lair of Beasts
 26608 | Lair:5   | Received a gift from Okawaru
 26974 | Lair:5   | Reached skill level 14 in Shields
 26974 | Lair:5   | Reached XP level 16. HP: 77/101 MP: 16/16
 27589 | Lair:5   | Received a gift from Okawaru
 27590 | Lair:5   | Reached skill level 15 in Shields
 27639 | Lair:5   | Reached skill level 1 in Invocations
 27713 | Lair:5   | Found a corrupted altar of Lugonu.
 27713 | Lair:5   | Found a one-way gate to the infinite horrors of the Abyss.
 27859 | Lair:5   | Got the Anthology of Rank Glaciation
 27904 | Lair:5   | Found a viscous altar of Jiyva.
 27905 | Lair:5   | Found a staircase to the Slime Pits.
 28969 | Swamp:1  | Entered Level 1 of the Swamp
 28971 | Swamp:1  | Identified the +10 quarterstaff "Qoch" {heavy, rPois}
 29054 | Swamp:1  | Received a gift from Okawaru
 29519 | Orc:2    | Bought a kite shield for 153 gold pieces
 30584 | Swamp:2  | Received a gift from Okawaru
 31140 | Swamp:3  | Noticed a fenstrider witch
 31155 | Swamp:3  | Killed a fenstrider witch
 31185 | Swamp:3  | Identified the +3 ring mail "Kuomunib" {Str+3}
 31463 | D:13     | Killed Turtleman12345's ghost
 31464 | D:13     | Reached XP level 17. HP: 35/106 MP: 13/20
 31510 | D:13     | Identified the +1 hat "Zeuppaol" {Drain rC+ Str+2 Dex+10}
 31913 | Swamp:3  | Received a gift from Okawaru
 32168 | Swamp:3  | Reached skill level 5 in Invocations
 32385 | Swamp:3  | Found a shimmering altar of Xom.
 32600 | Swamp:4  | Entered Level 4 of the Swamp
 32920 | Swamp:4  | Received a gift from Okawaru
 33465 | Swamp:4  | Reached skill level 16 in Shields
 33556 | Swamp:4  | Noticed the 27-headed Lernaean hydra
 33865 | Swamp:4  | Reached skill level 1 in Evocations
 34310 | Swamp:4  | Received a gift from Okawaru
 34521 | Swamp:4  | Killed the 27-headed Lernaean hydra
 34522 | Swamp:4  | Reached skill level 5 in Evocations
 34662 | Swamp:4  | Got a decaying rune of Zot
 35202 | Elf:1    | Entered Level 1 of the Elven Halls
 35241 | Elf:1    | Reached skill level 17 in Shields
 35435 | Elf:1    | Reached skill level 18 in Shields
 35513 | Elf:1    | Received a gift from Okawaru
 35707 | Elf:1    | Identified the +0 ring mail "Lietran" {Int+4}
 35724 | Elf:1    | Reached XP level 18. HP: 112/112 MP: 24/24
 35900 | Elf:1    | Reached skill level 19 in Shields
 35907 | Elf:1    | Paralysed by an air elemental for 1 turns
 35912 | Elf:1    | Paralysed by an air elemental for 1 turns
 35951 | Elf:1    | Identified the ring of Osem Foa {rElec Will+ rCorr}
 36713 | Elf:1    | Reached skill level 20 in Shields
 37068 | Elf:2    | Found a runed translucent gate.
 37069 | Elf:2    | Found a runed translucent gate.
 37070 | Elf:2    | Found a runed translucent gate.
 37072 | Elf:2    | Received a gift from Okawaru
 37115 | Elf:2    | Paralysed by an air elemental for 1 turns
 37502 | Elf:2    | Noticed a deep elf blademaster
 37523 | Elf:2    | Killed a deep elf blademaster
 37782 | Elf:2    | Reached skill level 21 in Shields
 37816 | Elf:2    | Reached skill level 1 in Dodging
 38445 | Elf:3    | Entered Level 3 of the Elven Halls
 38481 | Elf:3    | Received a gift from Okawaru
 38533 | Elf:3    | Identified the +2 war axe of Gallantry {heavy, rN+}
 39003 | Elf:3    | Noticed a deep elf blademaster
 39015 | Elf:2    | Reached skill level 5 in Dodging
 39031 | Elf:2    | Killed a deep elf blademaster
 39506 | Elf:3    | Noticed a deep elf blademaster
 39523 | Elf:3    | Killed a deep elf blademaster
 39524 | Elf:3    | Reached XP level 19. HP: 80/116 MP: 25/25
 39587 | Elf:3    | Received a gift from Okawaru
 39742 | Elf:3    | Noticed a Tzitzimitl
 40556 | Elf:3    | Killed from afar by a deep elf annihilator

Illustrated notes

Levels and vault maps discovered:
D:1:      scummos_arrival_star, layout_basic
D:2:      layout_basic, basic_altar, kennysheep_another_room
D:3:      layout_loops_cross, nicolae_hepliaklqana_hazy_memory,
          nicolae_overflow_squiral, gup_sewer_entry_pipe
D:4:      layout_rooms, minmay_temple_entry_gardened_gates, uniq_grinder
D:5:      minmay_polygon_palace, layout_basic, zin_treasury,
          corexii_item_surrounded_by_moat, small_statue_intersection
D:6:      layout_cave_pools, chequers_avenue
D:7:      layout_loops_cross, mainiacjoe_overflow_large_starburst, serial_shops,
          nicolae_shop_tiny_statue_garden, kennysheep_generic_room_6,
          uniq_jeremiah
D:8:      layout_basic, minmay_overflow_temple_star_quad,
          kennysheep_slug_shrine, due_lair_maze_entry_diamond, uniq_grum,
          uniq_gastronok
D:9:      layout_loops_cross, nicolae_stop_n_shop_2
D:10:     cheibrodos_two_vegetables, layout_cave_pools, hiddenorc1_lemuel,
          serial_shops, shop, nicolae_figureground_pulse, uniq_psyche
D:11:     layout_small_grid, gammafunk_ghost_hive, minmay_nine_imps, uniq_fannar
D:12:     layout_roguey [special_room_orc], hex_intersection
D:13:     layout_loops_cross, gammafunk_ghost_berserking_beasts, uniq_jorgrun
D:14:     layout_small_grid, david_vaults_3, kennysheep_pointless_box,
          minivault_28, uniq_rupert
D:15:     grunt_enter_depths_hoard, layout_loops_ring, trog_three_pillars_becter
Temple:   nicolae_temple_ecumenical_triangle
Lair:1:   layout_gridlike, nicolae_volcano_entry_hallway, serial_bayou_lake_a,
          infiniplex_staircase_pool
Lair:2:   layout_roguey, swamp_mist, minmay_snake_entry_guardpost_small,
          minmay_lair_oklob_items, cheibrodos_lair_caveside_slide,
          serial_bayou_shore_b
Lair:3:   layout_misc_corridors, dreamdust_deal_with_the_devil, st_stairs_13,
          lemuel_fruit_fields, infiniplex_staircase_pool_2
Lair:4:   layout_regular_city, evilmike_ambush [evilmike_ambush_outer_basic,
          evilmike_ambush_inner_basic], lemuel_fruit_tree, grunt_megastairs_3,
          serial_bayou_shore_b
Lair:5:   hellmonk_lair_end_abyssal_woods, layout_cave_pods, slime_entry_1,
          st_stairs_11, lemuel_old_faithful
Swamp:1:  layout_falls_marsh, evilmike_swamp_ruin_house_5,
          nicolae_swamp_alligator_family, nicolae_swamp_long_stream
Swamp:2:  layout_basic_swamp, serial_swamp_ruin, evilmike_swamp_ruin_house_3,
          evilmike_swamp_ruin_rubble_2, swamp_pool_1_2, nicolae_swamp_drake_lake
Swamp:3:  layout_basic_swamp, nicolae_swamp_godswood
Swamp:4:  grunt_swamp_rune_castle, layout_basic_swamp,
          nicolae_swamp_frolicking_bunyips
Orc:1:    layout_diamond_mine, serial_shops, nicolae_shop_rolling_square
Orc:2:    grunt_orc_cross, layout_caves, serial_shops, shop,
          nicolae_shop_real_fake_doors, shop, nicolae_shop_waterfront,
          basic_altar, library_closet, uniq_snorg
Elf:1:    eino_elf_arrival_shootout, layout_loops_ring, evilmike_minifort
Elf:2:    elven_hall_of_blades_hangedman_original
          [infiniplex_blade_entry_pillars], layout_onion_city
Elf:3:    minmay_elf_hall_dome, layout_onion_city

Skill      XL: |  1  2  3  4  5  6  7  8  9 10 11 12 13 14 15 16 17 18 |
---------------+-------------------------------------------------------+-----
Maces & Flails | 3 4 5 6 7 9 11 13 15 16 18 | 18.8
Armour         | 4 10 13 14 16 18 19 | 19.0
Shields        | 5 8 10 12 13 14 15 18 21 | 21.0
Fighting       | 9 10 12 | 12.0
Throwing       | 1 |  1.1
Invocations    | 4 8 |  8.0
Evocations     | 5 |  5.2
Dodging        | 6 |  6.3

Action                     |  1- 3 |  4- 6 |  7- 9 | 10-12 | 13-15 | 16-18 | 19-21 || total
---------------------------+-------+-------+-------+-------+-------+-------+-------++-------
  Melee: Flail             |    91 |    98 |   247 |       |       |   483 |    84 ||  1003
         Morningstar       |       |       |   117 |   402 |       |       |       ||   519
         Whip              |       |       |       |   626 |  1982 |  1331 |       ||  3939
  Throw: Javelin           |       |       |       |       |     1 |       |       ||     1
 Invoke: Heroism           |       |       |     3 |     7 |    10 |     7 |     1 ||    28
         Finesse           |       |       |       |     1 |       |     2 |       ||     3
         Receive Weapon    |       |       |       |       |     1 |       |       ||     1
         Receive Armour    |       |       |       |       |     1 |       |       ||     1
  Evoke: Wand              |       |       |     1 |       |       |     3 |       ||     4
    Use: Scroll            |     7 |       |    10 |    13 |     8 |    10 |       ||    48
         Potion            |       |       |     4 |     1 |    13 |     2 |     1 ||    21
   Stab: Petrified         |       |       |       |       |       |     5 |       ||     5
         Invisible         |       |       |       |       |       |     1 |       ||     1
 Armour: Chain mail        |    64 |    67 |   339 |   532 |       |       |       ||  1002
         Plate armour      |       |       |       |    95 |   504 |       |       ||   599
         Crystal plate arm |       |       |       |       |   718 |  1398 |    61 ||  2177
         Skin              |       |       |       |       |    62 |       |       ||    62
         Scale mail        |       |       |       |       |    21 |       |       ||    21
  Dodge: Dodged            |    37 |    38 |   164 |   220 |   420 |   425 |    10 ||  1314
  Block: Buckler           |    17 |    19 |   131 |   458 |   858 |   238 |       ||  1721
         Reflection        |       |       |       |    26 |    18 |   145 |    13 ||   202
         Kite shield       |       |       |       |       |       |  1218 |    48 ||  1266

Table legend: (Time is in decaauts)
 A = Elapsed time spent in this place.
 B = Non-inter-level travel time spent in this place.
 C = Inter-level travel time spent in this place.
 D = Time resting spent in this place.
 E = Time spent auto-exploring this place.
 F = Levels seen in this place.
 G = Mean time per level.
                   A        B        C        D        E       F      G
               +--------+--------+--------+--------+--------+-----+--------+
         Total |  38845 |  37020 |   1825 |  10192 |  13567 |  32 | 1213.9 |
       Dungeon |  17613 |  16498 |   1115 |   3971 |   6903 |  15 | 1174.2 |
        Temple |     18 |     18 |      0 |      0 |      0 |   1 |   18.0 |
          Lair |   6502 |   6165 |    337 |   1331 |   2936 |   5 | 1300.4 |
         Swamp |   4848 |   4637 |    211 |   1516 |   1512 |   4 | 1212.0 |
  Orcish Mines |   3828 |   3667 |    161 |   1289 |    444 |   2 | 1914.0 |
   Elven Halls |   5412 |   5412 |      0 |   1946 |   1582 |   3 | 1804.0 |
         Sewer |    300 |    300 |      0 |    100 |     71 |   1 |  300.0 |
       Volcano |    321 |    321 |      0 |     38 |    118 |   1 |  321.0 |
               +--------+--------+--------+--------+--------+-----+--------+

Top non-repeatable levels by time:
   Orc:2: 2493 daAuts
    D:13: 2410 daAuts
  Lair:5: 2073 daAuts
   Elf:2: 2006 daAuts
   Elf:1: 1909 daAuts
    D:14: 1638 daAuts
 Swamp:4: 1536 daAuts
   Elf:3: 1496 daAuts
 Swamp:3: 1472 daAuts
    D:11: 1469 daAuts
    D:15: 1459 daAuts
   Orc:1: 1335 daAuts
     D:5: 1289 daAuts
    D:10: 1274 daAuts
  Lair:3: 1244 daAuts
